 Dungeon Crawl Stone Soup version 0.27.1-1-g398f81649c (webtiles) character file.

Game seed: 17675904886912942184

651 Sabo the Chopper (level 7, -1/82 HPs)
             Began as a Demonspawn Berserker on Sept 5, 2021.
             Was a Priest of Trog.
             Succumbed to an orc wizard's poison
             ... on level 4 of the Dungeon.
             The game lasted 00:18:48 (4642 turns).

Sabo the Chopper (Demonspawn Berserker)             Turns: 4642, Time: 00:18:48

Health: -1/82      AC: 10    Str: 19    XL:     7   Next: 28%
Magic:  7/7        EV:  8    Int:  9    God:    Trog [***...]
Gold:   187        SH:  0    Dex: 12    Spells: 6/6 levels left

rFire    . . .     SeeInvis .   b - +0 broad axe
rCold    . . .     Faith    .   (no shield)
rNeg     . . .     Spirit   .   q - +0 chain mail
rPois    .         Reflect  .   (no helmet)
rElec    .         Harm     .   (no cloak)
rCorr    .         Rampage  .   (no gloves)
Will     .....                  m - +0 pair of boots
Stlth    ..........             (no amulet)
HPRegen  0.23/turn              (no ring)
MPRegen  0.10/turn              (no ring)

@: berserking (expiring), lethally poisoned (-1 -> -34), very quick
A: claws 1, powered by death 2
a: Renounce Religion, Berserk, Trog's Hand


You were on level 4 of the Dungeon.
You worshipped Trog.
Trog was most pleased with you.
You visited 1 branch of the dungeon, and saw 4 of its levels.

You collected 187 gold pieces.

Inventory:

Hand Weapons
 b - a +0 broad axe (weapon)
 g - a +0 hunting sling
Missiles
 f - 14 arrows
 h - 22 stones (quivered)
 k - 32 bolts
Armour
 m - a +0 pair of boots (worn)
 q - a +0 chain mail (worn)
Scrolls
 d - a scroll of torment {unknown}
 e - 3 scrolls of teleportation
 p - a scroll of enchant armour {unknown}
Potions
 a - a potion of haste {unknown}
 c - 3 potions of curing {unknown}
 i - a potion of degeneration {unknown}
 l - a potion of magic {unknown}
 n - a potion of heal wounds {unknown}
 o - a potion of flight {unknown}


   Skills:
 + Level 4.9 Fighting
 + Level 5.5 Axes
 + Level 2.8 Armour
 + Level 3.3 Dodging
 + Level 1.0 Stealth


You had 6 spell levels left.
You didn't know any spells.
Your spell library was empty.

Dungeon Overview and Level Annotations

Branches:
Dungeon (4/15)
 Temple: D:4-7

Altars:


Innate Abilities, Weirdness & Mutations

You have sharp fingernails.
You regenerate health from kills.


Message History

A puff of flame appears from out of thin air!
The puff of flame hits you but does no damage.
A red film seems to cover your vision as you go berserk!
You feel yourself moving faster!
You feel mighty!
You feel very sick.
The orc wizard hits you but does no damage.
The orc closely misses you. Something hits you but does no damage.
You are more poisoned.
You barely miss the orc wizard. You closely miss the orc.
You barely miss something.
You feel very sick.
The orc wizard hits you but does no damage.
The orc hits you but does no damage. Something hits you.
You are lethally poisoned!
You miss the orc wizard. You miss something. You barely miss the orc.
* * * LOW HITPOINT WARNING * * *
You feel extremely sick. The orc wizard casts a spell at you.
The puff of flame hits you.
* * * LOW HITPOINT WARNING * * *
The orc barely misses you. Something hits you but does no damage.
You are more poisoned.
You closely miss the orc wizard. You slash the orc!
You kill the orc!
Trog accepts your kill.
You miss something.
* * * LOW HITPOINT WARNING * * *
You feel very sick. The orc wizard barely misses you.
You closely miss the orc wizard. You completely miss something.
* * * LOW HITPOINT WARNING * * *
You feel very sick. Something hits you but does no damage.
You are more poisoned.
You slash the orc wizard!
You kill the orc wizard!
Trog accepts your kill.
Trog appreciates your killing of a magic user.
You barely miss something.
You die...

........#
>.......#
........#
...<.)..#
........##
.........
......){##
......)@)##
########).#
##.# #.## #..##
##..# ##.#
######.###
##........####.


There were no monsters in sight!

Vanquished Creatures
  Sigmund (D:3)
  A sky beast (D:3)
  An ogre (D:4)
  Jessica (D:2)
  Natasha (thrice) (D:2)
  An iguana (D:3)
  2 orc wizards (D:4)
  Terence (D:2)
  A hound skeleton (D:4)
  4 adders
  3 gnolls (D:3)
  12 orcs
  3 endoplasms
  5 giant cockroaches
  4 hobgoblins
  7 jackals
  2 quokkas
  9 ball pythons
  A bat (D:1)
  4 frilled lizards
  7 goblins
  6 kobolds
  4 rats
83 creatures vanquished.

Notes
Turn   | Place    | Note
-------+----------+-------------------------------------------
     0 | D:1      | Sabo the Demonspawn Berserker began the quest for the Orb.
     0 | D:1      | Reached XP level 1. HP: 18/18 MP: 1/1
   257 | D:1      | Found a faded altar of an unknown god.
   257 | D:1      | Noticed a sun demon
   518 | D:1      | Gained mutation: You regenerate a little health from kills.
                  | [demonic ancestry]
   518 | D:1      | Reached XP level 2. HP: 21/24 MP: 2/2
   579 | D:1      | Reached skill level 3 in Axes
  1429 | D:2      | Noticed Natasha
  2100 | D:2      | Noticed Jessica
  2109 | D:2      | Killed Natasha
  2110 | D:2      | Reached XP level 3. HP: 27/30 MP: 3/3
  2110 | D:2      | Killed Jessica
  2111 | D:2      | Gained mutation: You regenerate health from kills. [demonic
                  | ancestry]
  2111 | D:2      | Reached XP level 4. HP: 35/37 MP: 4/4
  2250 | D:2      | Noticed Terence
  2250 | D:2      | Noticed Natasha
  2263 | D:2      | Killed Terence
  2268 | D:2      | Killed Natasha
  2360 | D:2      | Reached XP level 5. HP: 42/42 MP: 5/5
  2441 | D:2      | Noticed Natasha
  2455 | D:2      | HP: 1/63 [Natasha (6)]
  2456 | D:2      | Killed Natasha
  2456 | D:2      | Reached ** piety under Trog
  2457 | D:2      | Reached skill level 4 in Axes
  3519 | D:3      | Noticed Sigmund
  3531 | D:3      | Killed Sigmund
  3532 | D:3      | Reached skill level 1 in Stealth
  3532 | D:3      | Reached XP level 6. HP: 49/49 MP: 6/6
  3832 | D:3      | Noticed a sky beast
  3845 | D:3      | Killed a sky beast
  3846 | D:3      | Reached skill level 5 in Axes
  4151 | D:4      | Gained mutation: You have sharp fingernails. [demonic
                  | ancestry]
  4151 | D:4      | Reached XP level 7. HP: 55/55 MP: 7/7
  4626 | D:4      | Reached *** piety under Trog
  4642 | D:4      | Succumbed to an orc wizard's poison

Illustrated notes

Levels and vault maps discovered:
D:1:      lightli_arrival_quake, layout_basic,
          dreamdust_ecumenical_altar_sealed_demon
D:2:      layout_loops_ring, uniq_terence, uniq_natasha, uniq_jessica
D:3:      layout_basic, minmay_pentomino_pile, uniq_sigmund
D:4:      layout_rooms, kennysheep_generic_room_9

Skill      XL: |  1  2  3  4  5  6 |
---------------+-------------------+-----
Axes           | 3 4 5 |  5.5
Dodging        | 2 3 |  3.3
Fighting       | 4 |  4.9
Armour         | 2 |  2.8
Stealth        | 1 |  1.0

Action                   |  1- 3 |  4- 6 |  7- 9 || total
-------------------------+-------+-------+-------++-------
Melee: Hand axe          |    88 |    19 |       ||   107
       Broad axe         |       |    87 |    50 ||   137
Invok: Berserk           |     1 |     5 |     2 ||     8
  Use: Scroll            |       |     1 |       ||     1
Armor: Animal skin       |    12 |       |       ||    12
       Ring mail         |       |    39 |     9 ||    48
       Chain mail        |       |       |    30 ||    30
Dodge: Dodged            |    61 |    86 |    33 ||   180
